 Dungeon Sprint DCSS version 0.16-b1 (webtiles) character file.

4900000 Medar the Intangible (level 17, -1/116 HPs)
             Began as a Spriggan Monk on Mar 10, 2015.
             Was the Champion of Makhleb.
             Slain by a meat berserker
             ... wielding a +9 battleaxe
              (60 damage)
             ... in the Dungeon (Sprint VIII: "Arena of Blood").
             The game lasted 00:01:45 (49 turns).

Medar the Intangible (Spriggan Monk)                  Turns: 49, Time: 00:01:45

Health: -1/116     AC:  4    Str:  7    XL:     17   Next: 96%
Magic:  26/26      EV: 44    Int: 12    God:    Makhleb [******]
Gold:   0          SH:  0    Dex: 25    Spells: 0 memorised, 16 levels left

rFire  . . .     SeeInvis +     i - +∞ Axe of Woe
rCold  . . .     Clarity  .     a - +0 robe
rNeg   . . .     SustAb   .     (shield restricted)
rPois  .         Gourm    .     (helmet restricted)
rElec  .         Spirit   .     (no cloak)
rCorr  .         Warding  .     (gloves unavailable)
rMut   .         NoTele   +     (boots unavailable)
MR     ++...                    (no amulet)
Stlth  +++.......               (no ring)
                                (no ring)

@: very quick, very resistant to hostile enchantments, fairly stealthy
A: unfitting armour, see invisible, herbivore 3, speed 3, slow metabolism 2
a: Minor Destruction, Lesser Servant of Makhleb, Major Destruction, Greater
Servant of Makhleb, Renounce Religion


You were in the Dungeon.
You worshipped Makhleb.
Makhleb was exalted by your worship.
You were not hungry.

You visited 1 branch

Inventory:

Hand weapons
 i - the +∞ Axe of Woe (weapon)
   (You found it in the Dungeon)
Armour
 a - a +0 robe (worn)
Scrolls
 h - a scroll of blinking
Potions
 c - a potion of curing {@q1}
 d - a potion of heal wounds
 e - a potion of haste
 f - 2 potions of magic
 g - a potion of berserk rage {!q}
Comestibles
 b - a bread ration


   Skills:
 + Level 24.6 Fighting
 O Level 27 Axes
 + Level 23.0 Armour
 O Level 27 Dodging
 - Level 3.0 Stealth
 - Level 3.2 Unarmed Combat


You had 16 spell levels left.
You didn't know any spells.

Dungeon Overview and Level Annotations

Branches:
Dungeon (1/1)

Altars:
Makhleb

Annotations:
D The Servant


Innate Abilities, Weirdness & Mutations

You are tiny and cannot use many weapons and most armour.
You have supernaturally acute eyesight.
You are a herbivore.
You cover ground extremely quickly.
You need consume almost no food.


Message History

The accursed gestures at you while chanting.
Something smites you!
You hear a shout! 2 orcs come into view. 4 orcs come into view.
You are engulfed in roaring flames.
The bag of meat shouts! x2
You hear a shout! x8
A bag of meat comes into view. It is wielding a +9 war axe.
There is a burning altar of Makhleb, spattered with blood here.
You are engulfed in roaring flames.
You hear a shout! x6
The accursed is engulfed in roaring flames.
The accursed gestures at you while chanting.
Something smites you!
You hear a shout!
The meat berserker is engulfed in roaring flames.
The meat berserker hits you with a +9 battleaxe!!!
Ouch! That really hurt!
You die... ..o .oo.o

.. #.o. ..# #oo.
..# ..###.o. ..###.
......###%.....
....._..%... .
#zO...# . ...
#@O<)_# ...
......#§§)))#......
#.C...M.§_)........
.o....z.###........
o.###... ..###.. .
#... ..# #%.. ..#
.%... ... ..%..
....


You could see an accursed, 2 sculptors of flesh, 2 meat berserkers and 8 bags of
meat.

Vanquished Creatures
  A hill giant (D)
  6 ogres (D)
  7 orcs (D)
  A skeletal warrior (D)
  4 vampire knights (D)
  2 large abominations (D)
  A small abomination (D)
  2 crawling corpses (D)
24 creatures vanquished.

Notes
Turn   | Place    | Note
--------------------------------------------------------------
     0 | D        | Medar, the Spriggan Monk, began the quest for the Orb.
     0 | D        | Reached XP level 1. HP: 11/11 MP: 2/2
     4 | D        | Became a worshipper of Makhleb the Destroyer
     4 | D        | Acquired Makhleb's first power
     4 | D        | Acquired Makhleb's second power
     5 | D        | Noticed a bag of meat
     6 | D        | Noticed a bag of meat
     9 | D        | Noticed a bag of meat
    10 | D        | Noticed a meat berserker
    11 | D        | Killed a bag of meat
    11 | D        | Reached skill level 11 in Fighting
    11 | D        | Reached skill level 14 in Axes
    11 | D        | Reached skill level 10 in Armour
    11 | D        | Reached skill level 17 in Dodging
    11 | D        | Reached XP level 2. HP: 13/25 MP: 4/4
    11 | D        | Reached XP level 3. HP: 15/30 MP: 6/6
    11 | D        | Reached XP level 4. HP: 17/35 MP: 8/8
    11 | D        | Reached XP level 5. HP: 18/38 MP: 10/10
    11 | D        | Reached XP level 6. HP: 20/43 MP: 12/12
    11 | D        | Reached XP level 7. HP: 21/47 MP: 14/14
    11 | D        | Reached XP level 8. HP: 23/52 MP: 16/16
    11 | D        | Reached XP level 9. HP: 24/56 MP: 18/18
    11 | D        | Reached XP level 10. HP: 25/60 MP: 19/19
    11 | D        | Reached XP level 11. HP: 27/65 MP: 20/20
    12 | D        | Killed a bag of meat
    12 | D        | Reached skill level 19 in Dodging
    12 | D        | Reached XP level 12. HP: 69/72 MP: 21/21
    13 | D        | Noticed a bag of meat
    15 | D        | Noticed a meat berserker
    15 | D        | Noticed a bag of meat
    15 | D        | Noticed a meat berserker
    16 | D        | Noticed a meat berserker
    17 | D        | Killed a meat berserker
    17 | D        | Acquired Makhleb's third power
    17 | D        | Reached skill level 21 in Dodging
    17 | D        | Reached XP level 13. HP: 75/78 MP: 22/22
    17 | D        | Killed a bag of meat
    17 | D        | Reached skill level 22 in Dodging
    18 | D        | Killed a meat berserker
    18 | D        | Acquired Makhleb's fourth power
    18 | D        | Reached skill level 15 in Fighting
    18 | D        | Reached skill level 23 in Dodging
    18 | D        | Reached XP level 14. HP: 83/86 MP: 23/23
    22 | D        | Killed a meat berserker
    22 | D        | Reached skill level 24 in Dodging
    23 | D        | Killed a meat berserker
    23 | D        | Reached skill level 15 in Armour
    23 | D        | Reached skill level 25 in Dodging
    23 | D        | Reached XP level 15. HP: 89/92 MP: 24/24
    24 | D        | Killed a bag of meat
    24 | D        | Acquired Makhleb's fifth power
    24 | D        | Reached skill level 26 in Dodging
    26 | D        | Noticed a meat berserker
    27 | D        | Killed a meat berserker
    28 | D        | Noticed a bag of meat
    28 | D        | Noticed a destroyer
    29 | D        | Noticed a destroyer
    29 | D        | Noticed a bag of meat
    31 | D        | Killed a destroyer
    31 | D        | Reached skill level 27 in Dodging
    33 | D        | Killed a bag of meat
    33 | D        | Reached XP level 16. HP: 99/101 MP: 25/25
    34 | D        | Noticed a large bag of meat
    34 | D        | Noticed a bag of meat
    35 | D        | Killed a bag of meat
    36 | D        | Noticed a meat berserker
    36 | D        | Noticed a sculptor of flesh
    36 | D        | Noticed a sculptor of flesh
    36 | D        | Noticed a sculptor of flesh
    38 | D        | Noticed a destroyer
    39 | D        | Noticed a bag of meat
    40 | D        | Killed a meat berserker
    40 | D        | Killed a destroyer
    42 | D        | Noticed a destroyer
    43 | D        | Noticed The Servant
    43 | D        | Noticed a sculptor of flesh
    44 | D        | Noticed a large bag of meat
    45 | D        | Noticed a meat berserker
    45 | D        | Noticed a meat berserker
    45 | D        | Noticed an accursed
    45 | D        | Noticed a meat berserker
    45 | D        | Killed a destroyer
    45 | D        | Reached skill level 27 in Axes
    45 | D        | Reached XP level 17. HP: 108/110 MP: 26/26
    45 | D        | Killed a sculptor of flesh
    45 | D        | Killed a bag of meat
    46 | D        | Killed a destroyer
    47 | D        | Noticed a bag of meat
    47 | D        | Killed a large bag of meat
    48 | D        | Noticed a bag of meat
    48 | D        | Noticed a bag of meat
    48 | D        | Noticed a bag of meat
    48 | D        | Noticed a bag of meat
    48 | D        | Noticed a bag of meat
    48 | D        | Noticed a bag of meat
    49 | D        | Noticed a bag of meat
    49 | D        | Slain by a meat berserker

Action                   |  1- 3 |  4- 6 |  7- 9 | 10-12 | 13-15 | 16-18 || total
-------------------------+-------+-------+-------+-------+-------+-------++-------
Melee: Broad axe         |     1 |       |       |     2 |     7 |     7 ||    17
